AoeStats
← Steffels

Arabia

510165944Analyzed
1v1 RM · 3d ago on Sep 29, 2026· 29m 26s· 2 players
Game mode
Random Map
Map size
Tiny (2 player)
Population
200
Speed
Normal
Resources
Standard
Victory
Conquest
Starting age
Dark Age
Ending age
Imperial Age
RankedLock teamsTeams togetherTeam positionsShared explorationLock speedFull tech treeHidden civsTurbo modeCheats
Victory
Defeat
🇬🇧 Varangians · United Kingdom
1076
+16
🇧🇪 Varangians · Belgium
1078
-16
koenrules
10:11 Feudal Age
8:26 Loom
11:21 Double-Bit Axe
14:52 Castle Age
18:55 Horse Collar
21:34 Forging
21:37 Scale Barding Armor
25:02 Gold Mining
25:51 Bloodlines
25:49 Husbandry
27:27 Iron Casting
28:18 Chain Barding Armor
Steffels
7:34 Loom
9:45 Feudal Age
11:14 Double-Bit Axe
11:26 Horse Collar
13:50 Bloodlines
21:08 Castle Age
19:47 Scale Barding Armor
20:44 Forging
21:08 Gold Mining
22:15 Chain Barding Armor
22:29 Bow Saw
26:31 Fletching
28:26 Wheelbarrow
29:38 Iron Casting
Connection lost

Rejoining the realm…

Still unreachable

The connection could not be restored.

Session expired

The server has moved on; the page needs a fresh start.